 Dungeon Crawl Stone Soup version 0.27.1-4-g1640c2035a (webtiles) character file.

Game seed: 2963102362443411834

53 Zalitodcss the Chopper (level 3, 0/33 HPs)
             Began as a Hill Orc Berserker on Nov 18, 2021.
             Was a Believer of Trog.
             Slain by an adder (1 damage)
             ... on level 2 of the Dungeon.
             The game lasted 00:04:11 (1780 turns).

Zalitodcss the Chopper (Hill Orc Berserker)         Turns: 1780, Time: 00:04:12

Health: 0/33       AC:  2    Str: 20    XL:     3   Next: 87%
Magic:  3/3        EV: 12    Int:  7    God:    Trog [**....]
Gold:   27         SH:  0    Dex: 10    Spells: 2/2 levels left

rFire    . . .     SeeInvis .   a - +0 hand axe
rCold    . . .     Faith    .   (no shield)
rNeg     . . .     Spirit   .   b - +0 animal skin
rPois    .         Reflect  .   (no helmet)
rElec    .         Harm     .   (no cloak)
rCorr    .         Rampage  .   (no gloves)
Will     .....                  (no boots)
Stlth    +.........             (no amulet)
HPRegen  0.11/turn              c - ring of flight
MPRegen  0.08/turn              (no ring)

@: lethally poisoned (0 -> -3), flying
A: no striking features
a: Renounce Religion, Berserk, Trog's Hand


You were on level 2 of the Dungeon.
You worshipped Trog.
Trog was pleased with you.
You visited 1 branch of the dungeon, and saw 2 of its levels.

You collected 27 gold pieces.

Inventory:

Hand Weapons
 a - a +0 hand axe (weapon)
Armour
 b - a +0 animal skin (worn)
Jewellery
 c - a ring of flight (left hand)
Scrolls
 g - a scroll of amnesia {unknown}
 h - a scroll of identify {unknown}
Potions
 d - a potion of resistance {unknown}
 e - 2 potions of lignification {unknown}
 f - a potion of ambrosia {unknown}


   Skills:
 + Level 4.2 Fighting
 + Level 4.6 Axes
 + Level 2.9 Armour
 + Level 2.1 Dodging


You had 2 spell levels left.
You didn't know any spells.
Your spell library was empty.

Dungeon Overview and Level Annotations

Branches:
Dungeon (2/15)

Altars:
Fedhas

Shops:
D:1 (


Message History

You feel sick. The adder closely misses you. The adder bites you.
You are more poisoned.
The adder poisons you!
You are too injured to fight recklessly!
You are too injured to fight recklessly!
You are too injured to fight recklessly!
You are too injured to fight recklessly!
You are too injured to fight recklessly!
You are too injured to fight recklessly!
You are too injured to fight recklessly!
You are too injured to fight recklessly!
You are too injured to fight recklessly!
You are too injured to fight recklessly!
You are too injured to fight recklessly!
You are too injured to fight recklessly!
You are too injured to fight recklessly!
You are too injured to fight recklessly!
You are too injured to fight recklessly!
You are too injured to fight recklessly!
You are too injured to fight recklessly!
You are too injured to fight recklessly!
You are too injured to fight recklessly!
You feel very sick.
You miss the adder.
The adder is severely wounded.
You feel sick. The adder bites you.
* * * LOW HITPOINT WARNING * * *
You barely miss the adder.
The adder is severely wounded.
You feel sick. The adder misses you. The adder bites you.
* * * LOW HITPOINT WARNING * * *
You closely miss the adder.
The adder is severely wounded.
* * * LOW HITPOINT WARNING * * *
You feel sick. The adder closely misses you.
You hit the adder.
The adder is almost dead.
* * * LOW HITPOINT WARNING * * *
You feel sick. The adder bites you.
You die...

< # . # ##. ######
...### ##.....
###.#(...####..####
... ............#
#S# ###.....###...
#S# ####.÷######
##@# #...÷.....
##..# #.....####
#..## #####.## #.##
#..## .#.#########.#
##..# .............#
# ##.#
...#####...#.....(..
... #.##
##.###########
#...#..# #..# #.....


You could see 2 adders.

Vanquished Creatures
  A worm (D:2)
  3 dart slugs
  3 bats (D:1)
  3 endoplasms
  4 giant cockroaches (D:1)
  3 goblins
  3 hobgoblins
  4 jackals (D:2)
  5 ball pythons (D:1)
  A frilled lizard (D:1)
  4 kobolds
  5 rats (D:1)
39 creatures vanquished.

Notes
Turn   | Place    | Note
-------+----------+-------------------------------------------
     0 | D:1      | Zalitodcss the Hill Orc Berserker began the quest for the
                  | Orb.
     0 | D:1      | Reached XP level 1. HP: 19/19 MP: 1/1
   205 | D:1      | Noticed a shining eye
   208 | D:1      | Found a faded altar of an unknown god.
   216 | D:1      | Reached XP level 2. HP: 25/27 MP: 2/2
   739 | D:1      | Found Juhicyu's Weapon Emporium.
   848 | D:1      | Reached XP level 3. HP: 23/33 MP: 3/3
   965 | D:1      | Found a blossoming altar of Fedhas.
  1105 | D:1      | Reached ** piety under Trog
  1146 | D:1      | Noticed a great orb of eyes
  1154 | D:1      | Noticed a golden eye
  1154 | D:1      | Noticed a golden eye
  1780 | D:2      | HP: 1/33 [poisoned by an adder]
  1780 | D:2      | Slain by an adder

Illustrated notes

Levels and vault maps discovered:
D:1:      erik_arrival_blinker_ship, layout_rooms,
          hellmonk_ecumenical_altar_watching_god, serial_shops, shop,
          hangedman_decor_clover_reticule, kennysheep_flooded_box
D:2:      layout_rooms, basic_altar, lemuel_old_faithful,
          uniq_crazy_yiuf_cottage

Skill      XL: |  1  2  3 |
---------------+----------+-----
Fighting       | 4 |  4.2
Dodging        | 2 |  2.1
Axes           | |  4.6
Armour         | |  2.9

Action                   || total
-------------------------++-------
Melee: Hand axe          ||   134
Armor: Animal skin       ||    27
Dodge: Dodged            ||   101
